fits, chaotic male elven Wizard ------ |....| ---------------- |...^| |..............| |%<..| #-..............| |....-#########--------- #|..............| ------- |..^.| #|.....%.| #------------.--- ##-...i@| -.---- #|[%.....| ## # # |...Bs| # ##-.......| # #########`##########e.[.[..| # ##--------- # ### # |.....| ### ####################### # # ### |.....| # # # # ## # ------- ## ### ### # ----|------### -.----# # -----# |.........|# |....|# ----|-- ##-...|# |%....%...|# |....|# |.....| # |>..|(####-..........# |....|# |.....-##### |.(..# |.[^...%..| |....|# |.....| # -----# ----------- |.....# ------- ########### ------ fits the Magician Experience level: 10 Strength: 18 Dexterity: 18 Constitution: 16 Intelligence: 19 Wisdom: 18 Charisma: 15 Health: 0(74) Energy: 122(142) Def: 3 Gold: 3573 Moves: 14616 Dungeon seed: Azavg2voe1KHErlz Game ID: fits_1496292138 Your Inventory: Coins $ - 3573 gold pieces Weapons o - the blessed rustproof +0 Magicbane (weapon in hand) Armor e - an uncursed +0 dwarvish cloak (being worn) n - a cursed rusty +0 pair of gauntlets of power q - a cursed +0 helmet Potions M - an uncursed potion of speed Q - an uncursed potion of healing Rings d - an uncursed ring of free action (on right hand) v - an uncursed ring of slow digestion (on left hand) Wands O - a wand of teleportation (0:6) S - a wand of fire (0:3) Tools a - a blessed bag of holding w - an uncursed lock pick G - an uncursed towel J - a +0 pick-axe (alternate weapon; not wielded) N - an uncursed oil lamp (0:1266) P - a blessed +0 unicorn horn Y - a horn of plenty (0:12) Contents of the bag of holding: the cursed rustproof +0 Excalibur an uncursed +0 mummy wrapping 2 uncursed cloves of garlic 4 uncursed food rations an uncursed lizard corpse 3 uncursed scrolls of blank paper a blessed scroll of charging a blessed scroll of create monster 2 uncursed scrolls of create monster 2 cursed scrolls of destroy armor 2 uncursed scrolls of earth an uncursed scroll of enchant armor a cursed scroll of food detection a cursed scroll of gold detection an uncursed scroll of identify an uncursed scroll of magic mapping an uncursed scroll of remove curse a cursed scroll of taming an uncursed scroll of teleportation a cursed scroll of teleportation a cursed spellbook of cure blindness an uncursed spellbook of fireball an uncursed spellbook of light an uncursed spellbook of slow monster an uncursed potion of blindness a blessed potion of extra healing an uncursed potion of extra healing an uncursed potion of fruit juice an uncursed potion of full healing an uncursed potion of gain energy a blessed potion of gain level 4 uncursed potions of healing 6 potions of holy water a blessed potion of invisibility an uncursed potion of object detection 2 cursed potions of sickness a cursed potion of speed an uncursed potion of water an uncursed +0 ring of gain strength an uncursed +1 ring of increase accuracy an uncursed ring of levitation a cursed ring of poison resistance a cursed ring of polymorph a cursed ring of searching an uncursed ring of see invisible a cursed ring of see invisible an uncursed ring of slow digestion an uncursed ring of sustain ability a wand of cold (0:2) a wand of create monster (0:11) a wand of magic missile (0:6) a cursed wand of make invisible (0:6) a wand of polymorph (0:5) a wand of secret door detection (0:12) a wand of sleep (0:8) a wand of striking (0:3) a cursed wand of undead turning (0:4) an uncursed bugle a magic marker (0:80) a blessed magic marker (0:19) an uncursed tin opener an uncursed opal Spells and supernatural/magical abilities: Name Level Category Fail Memory a - force bolt 1 attack 0% 27% f - fireball 4 attack 0% 95% i - invisibility 4 escape 90% 42% l - light 1 divination 0% 95% r - remove curse 3 clerical 63% 85% s - slow monster 2 enchantment 0% 93% z - sleep 1 enchantment 0% 42% E - detect food 2 divination 0% 27% H - haste self 3 escape 63% 85% I - identify 3 divination 0% 42% R - restore ability 4 healing 90% 85% U - detect unseen 3 divination 0% 85% W - pray for help -- divine ? -- Your skills at the end: Fighting Skills Weapon Skills dagger [Skilled] quarterstaff [Basic] Spellcasting Skills attack spells [Skilled] divination spells [Basic] enchantment spells [Basic] Final Attributes: You were piously aligned. You were cold resistant. You were sleep resistant. You were poison resistant. You were magic-protected. You were telepathic. You had infravision. You had slower digestion. You were protected. You were fast. You had free action. You are dead. Vanquished creatures: 2 ghosts 4 giant mimics a large mimic a stalker 3 small mimics a wood golem a pyrolisk 2 large cats 2 tengu 2 ettin zombies a leather golem an incubus 2 crocodiles 5 giant beetles 2 wolves 10 winter wolf cubs 2 panthers 2 spotted jellies 3 leprechauns a mumak 3 giant spiders an ice vortex a forest centaur 3 gnome kings 3 dwarf mummies an owlbear a gold golem a werewolf 3 lizards a dog 2 housecats 3 dwarf lords a blue jelly a white unicorn 2 dust vortices a raven a gnome mummy a snake 6 apes a human zombie 2 soldier ants 2 bugbears a water nymph 4 Mordor orcs 2 orc shamans 3 rock piercers 3 rock moles 5 ponies a fog cloud 2 yellow lights 3 shriekers 2 violet fungi 11 gnome lords 3 gnomish wizards a kobold mummy 2 gray oozes 2 barrow wights a baby crocodile 7 giant ants 3 little dogs 6 floating eyes 4 kittens 10 dwarves a kobold lord 2 hill orcs 2 rothes 3 giant bats 6 monkeys 7 orc zombies 6 iguanas 5 killer bees 3 acid blobs 6 coyotes 3 gas spores a hobbit 11 manes 2 large kobolds a hobgoblin 5 giant rats 3 cave spiders 3 brown molds 2 yellow molds 2 green molds 3 red molds 28 gnomes 8 garter snakes 3 gnome zombies 7 geckos 17 jackals 5 foxes a kobold 8 goblins 3 sewer rats 13 grid bugs 7 bats 5 lichens 2 kobold zombies 9 newts 358 creatures vanquished. Voluntary challenges: You had been an atheist until turn 2823. You used a wielded weapon 584 times, starting on turn 33. You read items or engraved 291 times, starting on turn 705. You never genocided any monsters. You never polymorphed an object. You never changed form. You used no wishes. You never split a pudding. You wrote Elbereth's name 184 times, starting on turn 708. You violated your moral code, losing 19 points of alignment, starting on turn 10072. Dungeon overview: The Dungeons of Doom: levels 1 to 15 Level 1 a fountain, a sink a long staircase Level 2 a potion shop Level 3 a fountain Level 4 stairs to The Gnomish Mines Level 5 an altar to Anhur Level 6 a general store, a fountain Level 7 many fountains Level 8 stairs to Sokoban Level 9 Level 10 Level 11 Level 12 Level 13 <- You were here portal to The Quest Level 14 a temple to Thoth, a fountain Level 15 The Gnomish Mines: levels 5 to 8 Level 5 stairs to The Dungeons of Doom Level 6 Level 7 Level 8 many shops, a temple to Thoth, some fountains, a sink The Quest: Level 1 portal to The Dungeons of Doom Sokoban: levels 4 to 7 Level 4 Level 5 Level 6 Level 7 stairs to The Dungeons of Doom History has recorded: On T:1 you entered the Dungeons of Doom to retrieve the Amulet of Yendor! On T:338 you advanced to experience level 2. On T:398 you reached level 2 of The Dungeons of Doom. On T:472 you reached level 3 of The Dungeons of Doom. On T:616 you advanced to experience level 3. On T:739 you advanced to experience level 4. On T:925 you reached level 4 of The Dungeons of Doom. On T:1240 you reached level 1 of The Gnomish Mines. On T:1269 you advanced to experience level 5. On T:1701 you reached level 2 of The Gnomish Mines. On T:1846 you advanced to experience level 6. On T:2104 you reached level 3 of The Gnomish Mines. On T:2512 you advanced to experience level 7. On T:2585 you reached level 4 of The Gnomish Mines. On T:3429 you advanced to experience level 8. On T:4405 you reached level 5 of The Dungeons of Doom. On T:4729 you reached level 6 of The Dungeons of Doom. On T:4801 you reached level 7 of The Dungeons of Doom. On T:7828 you received Magicbane from Anhur. On T:8462 you reached level 8 of The Dungeons of Doom. On T:8522 you advanced to experience level 9. On T:8647 you reached level 4 of Sokoban. On T:8931 you reached level 3 of Sokoban. On T:9683 you reached level 2 of Sokoban. On T:9980 you reached level 1 of Sokoban. On T:12481 you reached level 9 of The Dungeons of Doom. On T:12902 you reached level 10 of The Dungeons of Doom. On T:13183 you reached level 11 of The Dungeons of Doom. On T:13313 you reached level 12 of The Dungeons of Doom. On T:13416 you reached level 13 of The Dungeons of Doom. On T:13427 you reached level 14 of The Dungeons of Doom. On T:13432 you reached level 15 of The Dungeons of Doom. On T:14046 you advanced to experience level 10. On T:14226 you reached level 1 of The Quest. Score breakdown: Gold: 3573 (12086 points) Experience: 10 levels (16712 points) Exploration: 15 levels ( 30.61%) (16201 points) Discoveries: 85 items ( 30.47%) (16558 points) Valuables value: (no points given unless you survive) Artifact value: 3500 (12056 points) Variety of kills: 98 monsters ( 25.72%) (15214 points) Turncount: 14616 turns (-2939 points) Survival: died (score multiplied by 80%) Total score: 68710 Latest messages: The vampire bat bites! (2x) You hit the giant bat! The giant bat bites! You hit the vampire bat! The giant bat bites! The vampire bat bites! (4x) The quasit hits! (2x) The quasit just misses! The vampire bat bites! (2x) The giant bat bites! The vampire bat bites! (6x) The giant bat bites! The vampire bat bites! (2x) The quasit hits! (2x) The quasit bites! Suddenly, the giant spider disappears out of sight. The giant bat bites! The vampire bat bites! (2x) The quasit hits! (2x) The quasit bites! Suddenly, the vampire bat disappears out of sight. You activated a magic portal! You feel dizzy for a moment, but the sensation passes. There are a few objects here. The giant spider bites! You die... Final status: Goodbye fits the Wizard, killed by a giant spider... You died in The Dungeons of Doom on dungeon level 13 with 68710 points, and 3573 pieces of gold, after 14616 moves. You were level 10 with a maximum of 74 hit points when you died.